 Dungeon Crawl Stone Soup version 0.29-a0-234-g0dae59b3db (webtiles) character file.

Game seed: 14026401851488553944

335 bande the Covered (level 6, -1/38 HPs)
             Began as a Gargoyle Fighter on Mar 2, 2022.
             Slain by a two-headed ogre
             ... wielding a +0 giant club
              (12 damage)
             ... on level 4 of the Dungeon.
             The game lasted 00:06:41 (3775 turns).

bande the Covered (Gargoyle Fighter)                Turns: 3775, Time: 00:06:43

Health: -1/38      AC: 20    Str: 19      XL:     6   Next: 53%
Magic:  3/6        EV:  5    Int:  7 (9)  God:
Gold:   151        SH:  8    Dex: 11      Spells: 5/5 levels left

rFire   . . .      SeeInvis .   a - +1 war axe
rCold   . . .      Faith    .   g - +0 kite shield
rNeg    + . .      Spirit   .   k - +0 chain mail
rPois   ∞          Reflect  .   (no helmet)
rElec   +          Harm     .   f - +2 cloak
rCorr   +          Rampage  .   c - +2 pair of gloves {infuse}
Will    .....                   (no boots)
Stlth   ..........              (no amulet)
HPRegen 0.12/turn               j - ring of resist corrosion
MPRegen 0.10/turn               (no ring)

@: no status effects
A: sickness immunity, AC +4, negative energy resistance 1, electricity
resistance, torment resistance 1, petrification resistance
a: no special abilities


You were on level 4 of the Dungeon.
You visited 1 branch of the dungeon, and saw 4 of its levels.

You collected 151 gold pieces.

Inventory:

Hand Weapons
 a - a +1 war axe (weapon)
 m - a +0 flail
Armour
 c - a +2 pair of gloves of infusion (worn)
 f - a +2 cloak (worn)
 g - a +0 kite shield (worn)
 k - a +0 chain mail (worn)
Jewellery
 j - a ring of resist corrosion (left hand)
Wands
 l - a wand of mindburst (14)
Scrolls
 b - a scroll of fog
 h - a scroll of identify
 n - a scroll of teleportation
Potions
 d - 2 potions of might
 e - a potion of berserk rage


   Skills:
 + Level 4.0 Fighting
 + Level 4.1 Axes
 + Level 4.3 Armour
 + Level 4.2 Shields
 * Level 2.1 Evocations


You had 5 spell levels left.
You didn't know any spells.
Your spell library contained the following spells:

 Spells                   Type           Power      Damage    Failure   Level
 Shock                    Conj/Air       0%         1d3       100%        1
 Swiftness                Air            0%         N/A       100%        3
 Airstrike                Air            0%         N/A       100%        4


Dungeon Overview and Level Annotations

Branches:
Dungeon (4/15)             Temple (0/1) D:4

Altars:

Shops:
D:2 (


Innate Abilities, Weirdness & Mutations

You are immune to sickness and miasma.
Your stone body is resilient. (AC +4)
You are immune to poison.
You resist negative energy. (rN+)
You are resistant to electric shocks. (rElec)
You are resistant to unholy torment.
You are immune to petrification.


Message History

You hit the ufetubus.
The ufetubus is almost dead.
The ufetubus hits you but does no damage.
You block the ufetubus's attack. x2; The ufetubus closely misses you.
You barely miss the ufetubus.
The ufetubus is almost dead.
The ufetubus hits you but does no damage.
You block the ufetubus's attack.
The ufetubus hits you but does no damage. x2
You hit the ufetubus.
You kill the ufetubus!
No target in view!
No target in view!
No target in view!
No target in view!
You now have 151 gold pieces (gained 4).
You open the door.
Found a staircase to the Ecumenical Temple.
There is an open door here.
There is an open door here.
A two-headed ogre comes into view.
It is wielding a +0 giant club and a +0 giant spiked club.
The two-headed ogre shouts in stereo!
You barely miss the two-headed ogre. You block the two-headed ogre's attack.
The two-headed ogre barely misses you.
You barely miss the two-headed ogre. You block the two-headed ogre's attack.
The two-headed ogre hits you with a +0 giant spiked club!
You slash the two-headed ogre!
The two-headed ogre is moderately wounded.
The two-headed ogre hits you but does no damage.
The two-headed ogre barely misses you.
You slash the two-headed ogre!
The two-headed ogre is heavily wounded.
You block the two-headed ogre's attack. x2
You hit the two-headed ogre but do no damage.
The two-headed ogre is heavily wounded.
The two-headed ogre hits you but does no damage.
The two-headed ogre hits you with a +0 giant spiked club!
* * * LOW HITPOINT WARNING * * *
The two-headed ogre hits you with a +0 giant club!
You die...

### ##.##...# #....§#
..# #.#....# #....##
..# ###......# ##..##
..# #........# ##.##
..##....###...####..#
..........#.####...##
.......##....###...#
..#.##. ##.........#
.... #.......##.@..#
...# ######.....O..#
. ####.....# ###...#
#...# ....# .#.###
.##.# ## #.#


You could see a two-headed ogre.

Vanquished Creatures
  Duvessa (D:4)
  A bullfrog (D:3)
  Dowan (D:4)
  Crazy Yiuf (D:2)
  4 adders
  An ufetubus (D:4)
  A dart slug (D:1)
  4 orcs (D:3)
  A ball python (D:3)
  4 endoplasms
  8 goblins
  6 hobgoblins
  3 jackals (D:2)
  3 kobolds
  3 bats
  A frilled lizard (D:1)
  A rat (D:1)
44 creatures vanquished.

Notes
Turn   | Place    | Note
-------+----------+-------------------------------------------
     0 | D:1      | bande the Gargoyle Fighter began the quest for the Orb.
     0 | D:1      | Reached XP level 1. HP: 14/14 MP: 1/1
   247 | D:1      | Reached XP level 2. HP: 17/19 MP: 2/2
  1191 | D:2      | Found a runed translucent door.
  1192 | D:2      | Noticed Crazy Yiuf
  1251 | D:2      | Found Urega's Weapon Boutique.
  1259 | D:2      | Reached XP level 3. HP: 23/23 MP: 3/3
  1471 | D:2      | Identified a scroll of acquirement
  1471 | D:2      | Acquired a +2 pair of gloves of infusion
  1662 | D:2      | Killed Crazy Yiuf
  1663 | D:2      | Reached XP level 4. HP: 15/28 MP: 0/4
  2128 | D:3      | Noticed a bullfrog
  2133 | D:3      | Killed a bullfrog
  2134 | D:3      | Reached skill level 1 in Evocations
  2134 | D:3      | Reached XP level 5. HP: 25/33 MP: 2/5
  3341 | D:4      | Noticed Duvessa
  3341 | D:4      | Noticed Dowan
  3365 | D:4      | Killed Duvessa
  3365 | D:4      | Killed Dowan
  3366 | D:4      | Reached XP level 6. HP: 13/38 MP: 0/6
  3746 | D:4      | Found a staircase to the Ecumenical Temple.
  3767 | D:4      | Noticed a two-headed ogre
  3775 | D:4      | Slain by a two-headed ogre

Illustrated notes

Levels and vault maps discovered:
D:1:      lemuel_arrival_funnel, layout_loops_ring, minmay_pentomino_o2
D:2:      layout_basic, serial_shops, nicolae_shop_waterfront,
          uniq_crazy_yiuf_cottage
D:3:      layout_basic
D:4:      layout_rooms, minmay_temple_entry_fiery, uniq_duvessa, uniq_pikel,
          uniq_robin

Skill      XL: |  1  2  3  4  5 |
---------------+----------------+-----
Axes           | 2 3 4 |  4.1
Armour         | 4 |  4.3
Evocations     | 1 2 |  2.1
Shields        | 4 |  4.2
Fighting       | 4 |  4.0

Action                   |  1- 3 |  4- 6 || total
-------------------------+-------+-------++-------
Melee: War axe           |    76 |    65 ||   141
  Use: Scroll            |     7 |     1 ||     8
       Potion            |       |     2 ||     2
Armor: Scale mail        |    41 |    10 ||    51
       Chain mail        |       |    57 ||    57
Dodge: Dodged            |    23 |    21 ||    44
Block: Buckler           |     8 |       ||     8
       Kite shield       |    22 |    39 ||    61

Table legend: (Time is in decaauts)
 A = Elapsed time spent in this place.
 B = Non-inter-level travel time spent in this place.
 C = Inter-level travel time spent in this place.
 D = Time resting spent in this place.
 E = Time spent auto-exploring this place.
 F = Levels seen in this place.
 G = Mean time per level.
                   A        B        C        D        E       F      G
               +--------+--------+--------+--------+--------+-----+--------+
         Total |   3834 |   3477 |    357 |    499 |   2258 |   4 |  958.5 |
       Dungeon |   3834 |   3477 |    357 |    499 |   2258 |   4 |  958.5 |
               +--------+--------+--------+--------+--------+-----+--------+

Top non-repeatable levels by time:
     D:3: 1656 daAuts
     D:1: 1152 daAuts
     D:2: 778 daAuts
     D:4: 247 daAuts
